 Dungeon Crawl Stone Soup version 0.20-a0-795-ga03948b (webtiles) character file.

34092 Gorice the Cruncher (level 14, -1/115 HPs)
             Began as a Human Gladiator on Feb 28, 2017.
             Was a High Priest of Wu Jian.
             Slain by Sonja
             ... wielding a +0 short sword of distortion
              (9 damage)
             ... on level 4 of the Lair of Beasts on Mar 1, 2017.
             The game lasted 01:36:31 (22621 turns).

Gorice the Cruncher (Human Gladiator)              Turns: 22621, Time: 01:36:33

Health: -1/115     AC:  0    Str: 18    XL:     14   Next: 11%
Magic:  14/14      EV: 18    Int: 10    God:    Wu Jian [*****.]
Gold:   1380       SH:  0    Dex: 15    Spells: 13/13 levels left

rFire    . . .     SeeInvis .   (weapon currently unavailable)
rCold    . . .     Gourm    .   (armour currently unavailable)
rNeg     . . .     Faith    .   (shield currently unavailable)
rPois    .         Spirit   .   (helmet currently unavailable)
rElec    .         Reflect  .   (cloak currently unavailable)
rCorr    .         Harm     .   (gloves currently unavailable)
MR       +....                  (boots currently unavailable)
Stlth    +.........             (no amulet)
Regen    0.3/turn               (ring currently unavailable)
MPRegen  0.2/turn               (ring currently unavailable)

@: about to teleport, pig-form, slowed, studying Ice Magic
A: no striking features
a: Serpent's Lash, Heaven On Earth, Renounce Religion


You were on level 4 of the Lair of Beasts.
You worshipped Wu Jian.
Wu Jian was extremely pleased with you.
You were not hungry.
You were a filthy swine.
You visited 3 branches of the dungeon, and saw 14 of its levels.
You also visited: Ice Cave.

You collected 1380 gold pieces.

Inventory:

Hand Weapons
 a - a +2 quarterstaff of venom (melded)
   (You took it off Crazy Yiuf on level 5 of the Dungeon)
 b - a +0 hand crossbow
 c - a +1 quarterstaff
Missiles
 k - 102 bolts
 Y - 3 throwing nets
 Z - 320 stones (quivered)
Armour
 i - a +2 cloak (melded)
 j - a +2 pair of gloves of dexterity (melded)
   (You found it on level 1 of the Dungeon)
 y - a +0 plate armour (melded)
 z - a +2 helmet (melded)
 L - a +2 hat of see invisible
   (You took it off Gastronok on level 3 of the Lair of Beasts)
Magical Staves
 w - an uncursed staff of cold
Jewellery
 p - a ring of protection from cold (melded)
 J - a ring of protection from cold (melded)
 U - an uncursed amulet of faith {unknown}
 W - an uncursed amulet of harm {unknown}
Wands
 g - a wand of paralysis (3/24)
 m - a wand of acid (3/15)
 n - a wand of iceblast (1/15)
 r - a wand of iceblast (6/15)
 t - a wand of lightning (7/15)
 u - a wand of iceblast (6/15)
 A - a wand of iceblast (4/15)
 E - a wand of iceblast (9/15)
 N - a wand of enslavement (12/24)
 O - a wand of polymorph (10/24)
 P - a wand of flame (16/48)
Scrolls
 d - 2 scrolls of recharging
 e - a scroll of magic mapping {!r}
 f - a scroll of blinking
 o - 3 scrolls of teleportation {!r}
 q - 2 scrolls of fog
 F - 4 scrolls of remove curse
 V - 2 scrolls of enchant armour
Potions
 l - 5 potions of curing
 s - 2 potions of haste {unknown}
 x - 3 potions of lignification {!q}
 D - 2 potions of might {!q}
 G - 2 potions of invisibility {!q}
 H - 4 potions of mutation {unknown}
 K - 3 potions of agility {unknown}
 M - 2 potions of heal wounds {!q}
Books
 h - a book of the Tempests
 B - a manual of Ice Magic {!d}
 C - a manual of Ice Magic {!d}
 Q - a book of Air
 T - a book of Power
Comestibles
 v - 8 royal jellies
 I - 2 meat rations {!e}
 R - a bread ration {!e}
 S - a chunk of flesh


   Skills:
 + Level 12.0 Fighting
 - Level 14.0 Staves
 - Level 2.0 Throwing
 + Level 12.9 Armour
 + Level 6.0 Dodging


You had 13 spell levels left.
You didn't know any spells.

Dungeon Overview and Level Annotations

Branches:
Dungeon (9/15)             Temple (1/1) D:4            Lair (4/6) D:9
 Shoals (0/4) Lair:4        Snake (0/4) Lair:2
    Orc: D:9-12

Altars:
Ashenzari
Cheibriados
Dithmenos
Elyvilon
Fedhas
Gozag
Hepliaklqana
Kikubaaqudgha
Makhleb
Nemelex Xobeh
Okawaru
Qazlal
Ru
Sif Muna
Trog
Uskayaw
Vehumet
Wu Jian
Xom
Yredelemnul
Zin
The Shining One

Annotations:
D:4 winWinterter's ghost, amateur DEFE
D:5 1 runed door
Lair:4 exclusion: oklob plant, Kirke; Sonja


Message History

The water moccasin bites you!
* * * LOW HITPOINT WARNING * * *
Sonja completely misses you. Sonja closely misses you.
Sonja hits you with an uncursed short sword of distortion!
* * * LOW HITPOINT WARNING * * *
The water moccasin bites you!
* * * LOW HITPOINT WARNING * * *
Damage: 23 (max 23) Unknown command.
Unknown command.
Unknown command.
Unknown command.
Unknown command.
Really read
o - 4 scrolls of teleportation {!r}?
As you read the scroll of teleportation {!r}, it crumbles to dust.
You feel strangely unstable.
You feel sick.
Sonja zaps a wand.
You are blasted!
* * * LOW HITPOINT WARNING * * *
The water moccasin bites you!
* * * LOW HITPOINT WARNING * * *
You are lethally poisoned!
The water moccasin poisons you!
Kirke gestures wildly while chanting.
Kirke flickers and vanishes!
Deactivating autopickup; reactivate with Ctrl-A.
Sonja bows elegantly.
Sonja hits you with an uncursed short sword of distortion.
* * * LOW HITPOINT WARNING * * *
You blink.
Damage: 20 (max 23) Unknown command.
Unknown command.
Unknown command.
Unknown command.
Unknown command.
Unknown command.
Unknown command.
Unknown command.
Evoke which item? (* to show all) (? for menu, Esc to quit)
You have no means to grasp a wand firmly enough.
* * * LOW HITPOINT WARNING * * *
You feel sick.
Damage: 1 (max 23) Unknown command.
You feel better.
Sonja gestures wildly while chanting.
Sonja blinks!
Sonja closely misses you.
Sonja hits you with an uncursed short sword of distortion!
* * * LOW HITPOINT WARNING * * *
Space warps horribly around you!
You die...

.######.P#....#####..##.###≈≈≈≈≈#
.######..#....#####..#P.####≈≈≈≈#
.##......##....#........##.#≈≈≈≈#
.###....##P.....P.........^##≈≈##
........###...#P........P...####.
.######## #...PPP.......##.[.# ..
..#### #.......[.....#....##..
..##P######....#........##....#/#
...............#h##.#..##P....#..
..............#.#K.###.##...h(...
..........P......S..h..<.@.@(....
####.....##P#..##..#.PP#...P#.###
# #.#############.P#######.####
### #### ###


You could see a hog, Sonja and a water moccasin.

Vanquished Creatures
  Gastronok (Lair:3)
  Nessos (Lair:4)
  A hydra (Lair:4)
  2 two-headed ogres
  3 death yaks (Lair:2)
  Pikel (D:9)
  A necromancer (IceCv)
  A merfolk siren (Lair:4)
  An ice statue (IceCv)
  A black mamba (Lair:2)
  12 spiny frogs
  2 komodo dragons
  3 rime drakes
  10 freezing wraiths (IceCv)
  A polar bear (Lair:2)
  Prince Ribbit (D:9)
  18 blink frogs
  4 hippogriffs
  A spriggan (Lair:2)
  13 yaks
  7 hogs
  4 basilisks
  A fire bat (D:8)
  A human (D:8)
  A steam dragon (D:8)
  Menkaure (D:4)
  2 nagas (Lair:2)
  A soldier ant (D:5)
  Edmund (D:6)
  Duvessa (D:7)
  5 porcupines
  9 water moccasins
  9 ice beasts
  4 sky beasts
  A hornet zombie (D:9)
  An orc warrior (D:7)
  A black bear (Lair:2)
  6 ogres
  An eye of draining (D:8)
  10 crocodiles
  24 wolves
  5 centaurs
  9 bullfrogs
  A gnoll sergeant (D:6)
  A wyvern zombie (D:8)
  Dowan (D:7)
  A swamp dragon simulacrum (IceCv)
  2 scorpions (D:9)
  4 killer bees (D:7)
  2 electric eels (Lair:3)
  2 crimson imps
  2 howler monkeys (D:7)
  A jelly (D:7)
  A centaur zombie (D:9)
  5 draconian simulacra (IceCv)
  A centaur skeleton (D:6)
  A gnoll shaman (D:6)
  6 hounds
  4 bullfrog skeletons
  4 orc priests
  Crazy Yiuf (D:5)
  An orc wizard (D:3)
  3 iguanas
  11 worker ants
  4 troll simulacra (IceCv)
  3 spriggan simulacra (IceCv)
  A polar bear simulacrum (IceCv)
  2 wolf simulacra (IceCv)
  A hound skeleton (D:7)
  A worker ant zombie (D:9)
  4 gnolls (D:6)
  2 howler monkey skeletons
  2 ogre simulacra (IceCv)
  12 adders
  4 naga simulacra (IceCv)
  A shadow imp (D:9)
  11 white imps (IceCv)
  An adder zombie (D:8)
  6 worms
  A dart slug (D:1)
  7 leopard geckos
  17 orcs
  6 giant cockroaches
  8 goblins
  11 hobgoblins
  2 jackals (D:5)
  13 kobolds
  2 quokkas
  3 ball pythons
  6 bats
  9 frilled lizards
  A leopard gecko zombie (D:5)
  2 quokka skeletons
  4 rats
  A fungus (D:5)
  A plant (D:6)
387 creatures vanquished.

Vanquished Creatures (collateral kills)
  A draconian simulacrum (IceCv)
1 creature vanquished.

Vanquished Creatures (others)
  2 slaves (D:9)
  A bullfrog (D:9)
  A centaur simulacrum (IceCv)
  A white imp (IceCv)
  An orc (D:8)
  A bush (Lair:2)
  14 fungi
  7 plants (Lair:2)
28 creatures vanquished.

Grand Total: 416 creatures vanquished

Notes
Turn   | Place    | Note
-------+----------+-------------------------------------------
     0 | D:1      | Gorice the Human Gladiator began the quest for the Orb.
     0 | D:1      | Reached XP level 1. HP: 16/16 MP: 1/1
   370 | D:1      | Reached XP level 2. HP: 22/22 MP: 2/2
   801 | D:1      | Reached skill level 4 in Staves
   801 | D:1      | Reached XP level 3. HP: 27/27 MP: 3/3
   932 | D:2      | Found a faded altar of an unknown god.
  1176 | D:2      | Reached XP level 4. HP: 30/33 MP: 4/4
  1227 | D:2      | You fall through a shaft!
  1283 | D:3      | Reached skill level 1 in Armour
  1364 | D:2      | Found a basalt altar of Yredelemnul.
  1431 | D:3      | Found a snail-covered altar of Cheibriados.
  1474 | D:3      | Reached skill level 5 in Staves
  1474 | D:3      | Reached XP level 5. HP: 38/38 MP: 5/5
  1539 | D:3      | Reached skill level 2 in Armour
  1670 | D:2      | Found an opulent altar of Gozag.
  1799 | D:2      | Found a burning altar of Makhleb.
  1800 | D:2      | Found a radiant altar of Vehumet.
  2247 | D:4      | Noticed winWinterter's ghost (amateur DEFE)
  2363 | D:4      | Reached XP level 6. HP: 42/44 MP: 6/6
  2525 | D:4      | Found an iron altar of Okawaru.
  2603 | D:4      | Noticed Menkaure
  2612 | D:4      | Killed Menkaure
  2612 | D:4      | Reached skill level 6 in Staves
  2612 | D:4      | Reached skill level 3 in Armour
  2702 | D:3      | Reached XP level 7. HP: 30/50 MP: 7/7
  3044 | D:4      | Found a staircase to the Ecumenical Temple.
  3058 | Temple   | Entered the Ecumenical Temple
  3065 | Temple   | Became a worshipper of the Wu Jian Council
  3221 | D:4      | Reached skill level 7 in Staves
  3519 | D:5      | Entered Level 5 of the Dungeon
  3544 | D:5      | Upgraded the game from 0.20-a0-792-g09bcfd3 to 0.20-a0-795-ga03948b
  3895 | D:5      | Found a runed door.
  3908 | D:5      | Found a runed door.
  4209 | D:5      | Reached skill level 4 in Armour
  4454 | D:5      | Noticed a soldier ant
  4491 | D:5      | Killed a soldier ant
  4491 | D:5      | Reached XP level 8. HP: 28/56 MP: 8/8
  4498 | D:5      | Reached skill level 8 in Staves
  4516 | D:5      | HP: 16/56 [worker ant (5)]
  4835 | D:5      | Found a runed door.
  4851 | D:5      | Noticed Crazy Yiuf
  4858 | D:5      | Killed Crazy Yiuf
  5177 | D:6      | Reached skill level 5 in Armour
  5191 | D:6      | Reached * piety under Wu Jian
  5191 | D:6      | Reached skill level 9 in Staves
  5459 | D:6      | Reached XP level 9. HP: 61/61 MP: 9/9
  5671 | D:6      | Noticed Edmund
  5699 | D:6      | Killed Edmund
  5757 | D:6      | Reached skill level 6 in Armour
  5817 | D:6      | Reached skill level 10 in Staves
  6089 | D:6      | HP: 8/61 [ogre/giant spiked club (12)]
  7284 | D:7      | Found a shadowy altar of Dithmenos.
  7284 | D:7      | Found a glowing golden altar of the Shining One.
  7396 | D:7      | Noticed Dowan
  7429 | D:7      | Killed Dowan
  7429 | D:7      | Reached skill level 11 in Staves
  7429 | D:7      | Reached skill level 7 in Armour
  7480 | D:7      | Noticed Duvessa
  7541 | D:7      | Reached ** piety under Wu Jian
  7583 | D:7      | Killed Duvessa
  7583 | D:7      | Reached XP level 10. HP: 60/67 MP: 10/10
  7717 | D:7      | HP: 20/67 [poisoned by a killer bee]
  7724 | D:6      | HP: 19/67 [poisoned by a killer bee]
  7732 | D:6      | HP: 18/67 [poisoned by a killer bee]
  8508 | D:8      | Found a shattered altar of Ashenzari.
  8509 | D:8      | Found a sacrificial altar of Ru.
  8690 | D:8      | Reached skill level 12 in Staves
  8707 | D:8      | Reached skill level 8 in Armour
  8907 | D:8      | Noticed a two-headed ogre
  9341 | D:8      | Noticed a two-headed ogre
  9859 | D:8      | Reached skill level 3 in Fighting
 10000 | D:8      | Killed a two-headed ogre
 10000 | D:8      | Reached skill level 4 in Fighting
 10000 | D:8      | Reached XP level 11. HP: 32/77 MP: 11/11
 10231 | D:8      | Noticed Maurice
 10239 | D:8      | Noticed Maurice
 10239 | D:8      | Maurice changed into Maurice the fire bat
 10247 | D:8      | Killed Maurice the fire bat
 10247 | D:8      | Reached skill level 9 in Armour
 10417 | D:8      | Reached skill level 5 in Fighting
 10718 | D:9      | Noticed Pikel
 10752 | D:9      | Killed Pikel
 10752 | D:9      | Reached *** piety under Wu Jian
 10752 | D:9      | Reached skill level 6 in Fighting
 10842 | D:9      | Found a staircase to the Lair.
 11219 | D:9      | Noticed Prince Ribbit
 11219 | D:9      | Noticed a two-headed ogre
 11232 | D:9      | Killed a two-headed ogre
 11609 | D:9      | Killed Prince Ribbit
 11609 | D:9      | Reached skill level 7 in Fighting
 11633 | Lair:1   | Entered Level 1 of the Lair of Beasts
 11943 | D:9      | HP: 23/84 [komodo dragon (6)]
 12367 | Lair:1   | Reached skill level 10 in Armour
 12420 | Lair:1   | Reached skill level 8 in Fighting
 13354 | Lair:1   | Reached XP level 12. HP: 94/94 MP: 12/12
 13455 | Lair:1   | Reached skill level 9 in Fighting
 13958 | Lair:2   | Found an ornate altar of the Wu Jian Council.
 14380 | Lair:2   | HP: 21/97 [blink frog (9)]
 14385 | Lair:2   | HP: 16/97 [blink frog (6)]
 14391 | Lair:2   | HP: 14/97 [blink frog (3)]
 14407 | Lair:2   | HP: 7/97 [blink frog (11)]
 14427 | Lair:2   | Reached skill level 10 in Fighting
 14597 | Lair:2   | HP: 29/97 [poisoned by a spiny frog]
 14602 | Lair:2   | HP: 19/97 [poisoned by a spiny frog]
 14607 | Lair:2   | HP: 13/97 [poisoned by a spiny frog]
 14612 | Lair:2   | HP: 8/97 [poisoned by a spiny frog]
 14617 | Lair:2   | HP: 5/97 [poisoned by a spiny frog]
 14622 | Lair:2   | HP: 4/97 [poisoned by a spiny frog]
 14627 | Lair:2   | HP: 3/97 [poisoned by a spiny frog]
 14634 | Lair:2   | HP: 3/97 [poisoned by a spiny frog]
 14642 | Lair:2   | HP: 3/97 [poisoned by a spiny frog]
 14914 | Lair:2   | HP: 43/145 [poisoned by a black mamba]
 14919 | Lair:2   | HP: 23/97 [poisoned by a black mamba]
 14924 | Lair:2   | HP: 17/97 [poisoned by a black mamba]
 14929 | Lair:2   | HP: 14/97 [poisoned by a black mamba]
 14935 | Lair:2   | HP: 13/97 [poisoned by a black mamba]
 14940 | Lair:2   | HP: 13/97 [poisoned by a black mamba]
 14989 | Lair:2   | Reached skill level 11 in Armour
 15004 | Lair:2   | HP: 28/98 [naga/splash of poison (3)]
 15012 | Lair:2   | HP: 28/98 [naga/halberd (6)]
 15018 | Lair:2   | HP: 10/98 [naga/halberd (13)]
 16077 | Lair:2   | Reached skill level 11 in Fighting
 16335 | Lair:2   | Found a staircase to the Snake Pit.
 16754 | Lair:2   | Noticed a death yak
 16781 | Lair:2   | Noticed a death yak
 16784 | Lair:2   | Noticed a death yak
 17212 | Lair:2   | HP: 26/100 [death yak (9)]
 17245 | Lair:2   | Killed a death yak
 17699 | Lair:2   | Killed a death yak
 17699 | Lair:2   | Reached skill level 13 in Staves
 17699 | Lair:2   | Reached XP level 13. HP: 74/106 MP: 13/13
 17964 | Lair:3   | Found a frozen archway.
 18075 | IceCv    | Entered an ice cave
 18080 | IceCv    | Reached **** piety under Wu Jian
 18246 | IceCv    | Reached skill level 12 in Armour
 18415 | IceCv    | HP: 30/106 [freezing wraith (6)]
 18419 | IceCv    | HP: 11/106 [freezing wraith (5)]
 18423 | IceCv    | Found an ancient bone altar of Kikubaaqudgha.
 18449 | IceCv    | HP: 25/106 [freezing wraith (10)]
 18471 | IceCv    | HP: 23/106 [freezing wraith (7)]
 18474 | IceCv    | HP: 10/106 [freezing wraith (4)]
 19090 | IceCv    | Reached skill level 14 in Staves
 20110 | IceCv    | HP: 27/106 [ice statue/bolt of cold (11)]
 20783 | Lair:3   | Noticed Gastronok
 20820 | Lair:3   | Killed Gastronok
 20820 | Lair:3   | Reached skill level 4 in Dodging
 21588 | Lair:4   | Found a staircase to the Shoals.
 21682 | Lair:4   | Reached skill level 5 in Dodging
 21809 | Lair:4   | Reached ***** piety under Wu Jian
 22077 | Lair:4   | Noticed an eight-headed hydra
 22088 | Lair:4   | Killed an eight-headed hydra
 22088 | Lair:4   | Reached XP level 14. HP: 56/114 MP: 14/14
 22348 | Lair:4   | Found a shimmering altar of Xom.
 22450 | Lair:4   | Noticed Nessos
 22461 | Lair:4   | Killed Nessos
 22461 | Lair:4   | Reached skill level 12 in Fighting
 22595 | Lair:4   | Noticed Kirke
 22602 | Lair:4   | Noticed Sonja
 22604 | Lair:4   | Reached skill level 6 in Dodging
 22618 | Lair:4   | HP: 29/115 [water moccasin (7)]
 22619 | Lair:4   | HP: 9/115 [Sonja/uncursed short sword of distortion (6)]
 22621 | Lair:4   | Slain by Sonja

Vault maps used:
D:1:      shiori_arrival_maze, minivault_11
D:2:      gammafunk_temple_overflow_pools, old_standard_altar,
          nicolae_overflow_hidden_temple, chequers_ecumenical_altar_twisty,
          first_bread
D:3:      nicolae_overflow_crystal_walls
D:4:      okawaru_metal_pillars_3, temple_green, st_stairs_8, uniq_menkaure
D:5:      lemuel_insect_pit, kennysheep_minor_cross, corexii_checkpoint_a,
          uniq_crazy_yiuf_cottage
D:6:      kennysheep_housing_project, ldierk_geyser, wad_rectangle_vault,
          uniq_edmund
D:7:      gammafunk_temple_overflow_statue, kennysheep_decorative_pillar,
          dk_rats_in_the_wall, uniq_duvessa
D:8:      ashenzari_altar_1, lemuel_crystal_altar, grunt_livestock,
          grunt_ministairs_3, uniq_maurice
D:9:      lair_entry_dummy, uniq_prince_ribbit1, uniq_pikel
Temple:   nicolae_temple_no_exploring_needed
Lair:2:   minmay_snake_entry_guardpost_small, basic_altar, serial_bayou_pond_d,
          serial_bayou_pond_e, grunt_forest_stairs_clearing
Lair:3:   portal_ice_cave_rime, serial_bayou_shore_a,
          infiniplex_staircase_pool_2, uniq_gastronok
Lair:4:   minmay_shoals_entry_lonely_mermaid, lemuel_oklob_altar, uniq_sonja,
          uniq_nessos, uniq_kirke
IceCv:    ice_cave_small_necro

Skill      XL: |  1  2  3  4  5  6  7  8  9 10 11 12 13 14 |
---------------+-------------------------------------------+-----
Staves         | 4 5 6 7 9 11 12 13 14 | 14.0
Armour         | 1 2 3 4 5 7 8 10 11 12 | 12.9
Fighting       | 4 8 11 12 | 12.0
Dodging        | 5 6 |  6.0
Throwing       | |  2.0

Action                   |  1- 3 |  4- 6 |  7- 9 | 10-12 | 13-15 || total
-------------------------+-------+-------+-------+-------+-------++-------
Melee: Quarterstaff      |    93 |   163 |   350 |   839 |   632 ||  2077
       Hand crossbow     |       |       |     1 |    15 |       ||    16
       Unarmed           |       |       |       |       |     2 ||     2
 Fire: Hand crossbow     |       |     6 |   113 |   215 |    38 ||   372
Throw: Throwing net      |       |     1 |     2 |     6 |       ||     9
       Stone             |       |     6 |     5 |       |     2 ||    13
Evoke: Wand              |       |       |     1 |    14 |     2 ||    17
  Use: Scroll            |     1 |     8 |     6 |    13 |     6 ||    34
       Potion            |       |     1 |     1 |     5 |     4 ||    11
 Stab: Sleeping          |     2 |       |       |       |       ||     2
       Held in net/web   |       |       |     2 |     2 |       ||     4
       Paralysed         |       |       |       |       |     8 ||     8
  Eat: Chunk             |     1 |     5 |    15 |    26 |     8 ||    55
       Royal jelly       |       |       |       |     3 |       ||     3
       Meat ration       |       |       |       |       |     1 ||     1
       Bread ration      |       |       |       |       |     1 ||     1
Armor: Leather armour    |    23 |       |       |       |       ||    23
       Chain mail        |    12 |    53 |       |       |       ||    65
       Plate armour      |       |    51 |   208 |   528 |   297 ||  1084
Dodge: Dodged            |    60 |    37 |    84 |   203 |   172 ||   556

Table legend:
 A = Turns spent in this place as a percentage of turns spent in the entire game.
 B = Non-inter-level travel turns spent in this place as a percentage of non-inter-level travel turns spent in the entire game.
 C = Inter-level travel turns spent in this place as a percentage of turns spent in this place.
 D = Turns resting spent in this place as a percentage of non-inter-level travel turns spent in this place.
 E = Turns spent auto-exploring this place as a percentage of non-inter-level travel turns spent in this place.
 F = Non-inter-level travel turns spent in this place divided by the number of levels of this place that you've seen.
                   A       B       C       D       E      F
               +-------+-------+-------+-------+-------+----------------------
         Total | 100.0 | 100.0 |   0.3 |   3.2 |   3.3 | 544.6
       Dungeon |  54.1 |  54.0 |   0.5 |   2.1 |   4.0 | 490.3
        Temple |   0.2 |   0.2 |   0.0 |   0.0 |   0.0 |  16.0
          Lair |  34.5 |  34.6 |   0.1 |   4.1 |   3.0 | 706.2
      Ice Cave |  11.2 |  11.2 |   0.0 |   5.7 |   1.1 | 915.0
               +-------+-------+-------+-------+-------+----------------------

Vault maps used:
D:1:      shiori_arrival_maze, minivault_11
D:2:      gammafunk_temple_overflow_pools, old_standard_altar,
          nicolae_overflow_hidden_temple, chequers_ecumenical_altar_twisty,
          first_bread
D:3:      nicolae_overflow_crystal_walls
D:4:      okawaru_metal_pillars_3, temple_green, st_stairs_8, uniq_menkaure
D:5:      lemuel_insect_pit, kennysheep_minor_cross, corexii_checkpoint_a,
          uniq_crazy_yiuf_cottage
D:6:      kennysheep_housing_project, ldierk_geyser, wad_rectangle_vault,
          uniq_edmund
D:7:      gammafunk_temple_overflow_statue, kennysheep_decorative_pillar,
          dk_rats_in_the_wall, uniq_duvessa
D:8:      ashenzari_altar_1, lemuel_crystal_altar, grunt_livestock,
          grunt_ministairs_3, uniq_maurice
D:9:      lair_entry_dummy, uniq_prince_ribbit1, uniq_pikel
Temple:   nicolae_temple_no_exploring_needed
Lair:2:   minmay_snake_entry_guardpost_small, basic_altar, serial_bayou_pond_d,
          serial_bayou_pond_e, grunt_forest_stairs_clearing
Lair:3:   portal_ice_cave_rime, serial_bayou_shore_a,
          infiniplex_staircase_pool_2, uniq_gastronok
Lair:4:   minmay_shoals_entry_lonely_mermaid, lemuel_oklob_altar, uniq_sonja,
          uniq_nessos, uniq_kirke
IceCv:    ice_cave_small_necro
